 Dungeon Crawl Stone Soup version 0.29.1-15-g9cfb28693d (webtiles) character file.

Game seed: 4436530442613301796

953 Peloso the Slasher (level 7, -3/61 HPs)
             Began as a Minotaur Fighter on Mar 15, 2023.
             Was a Follower of Okawaru.
             Slain by a yak (13 damage)
             ... on level 5 of the Dungeon.
             The game lasted 00:06:17 (3572 turns).

Peloso the Slasher (Minotaur Fighter)               Turns: 3572, Time: 00:06:18

Health: -3/61      AC:  8    Str: 20    XL:     7   Next: 90%
Magic:  4/6        EV: 16    Int:  5    God:    Okawaru [*.....]
Gold:   189        SH:  6    Dex: 12    Spells: 6/6 levels left

rFire   . . .      SeeInvis .   a - +0 long sword
rCold   . . .      Faith    .   c - +0 buckler
rNeg    . . .      Spirit   .   b - +0 scale mail
rPois   .          Reflect  .   (helmet restricted)
rElec   .          Harm     .   (no cloak)
rCorr   .          Rampage  .   (no gloves)
Will    +....                   (no boots)
Stlth   ++........              (no amulet)
HPRegen 0.20/turn               k - ring of willpower
MPRegen 0.10/turn               f - +4 ring of evasion

@: heroic
A: horns 2, retaliatory headbutt
a: Renounce Religion, Heroism


You were on level 5 of the Dungeon.
You worshipped Okawaru.
Okawaru was aware of your devotion.
You visited 1 branch of the dungeon, and saw 5 of its levels.

You collected 189 gold pieces.

Inventory:

Hand Weapons
 a - a +0 long sword (weapon)
Missiles
 i - a throwing net (quivered)
Armour
 b - a +0 scale mail (worn)
 c - a +0 buckler (worn)
Jewellery
 f - a +4 ring of evasion (right hand)
 g - a ring of positive energy
 k - a ring of willpower (left hand)
Scrolls
 e - a scroll of fear {unknown}
 j - 2 scrolls of enchant armour {unknown}
 l - a scroll of immolation {unknown}
 m - a scroll of teleportation {unknown}
 o - a scroll of magic mapping {unknown}
Potions
 d - 2 potions of might
 h - 2 potions of brilliance
 n - a potion of heal wounds {unknown}


   Skills:
 + Level 5.2(10.2) Fighting
 + Level 7.9(12.9) Long Blades
 + Level 5.8(10.8) Armour
 + Level 1.8(6.8) Dodging
 + Level 0.4(5.4) Stealth
 + Level 5.6(10.6) Shields


You had 6 spell levels left.
You didn't know any spells.
Your spell library contained the following spells:

 Spells                   Type           Power      Damage    Failure   Level
 Freeze                   Ice            0%         1d3       83%         1
 Static Discharge         Conj/Air       0%         3-3/arc   92%         2
 Frozen Ramparts          Ice            0%         1d1       99%         3
 Hailstorm                Conj/Ice       0%         3d3       100%        4
 Lightning Bolt           Conj/Air       0%         1d11      100%        5
 Maxwell's Capacitive Co  Air            0%         ∞         100%        8


Dungeon Overview and Level Annotations

Branches:
Dungeon (5/15)
 Temple: D:4-7

Altars:
Ashenzari
Okawaru


Innate Abilities, Weirdness & Mutations

You have a pair of horns on your head.
You reflexively headbutt those who attack you in melee.


Message History

You start resting.
HP restored.
You climb downwards.
The yak completely misses you. The yak gores you.
There is a stone staircase leading up, spattered with blood here.
You hit the yak but do no damage. The yak gores you but does no damage.
You hit the yak. You headbutt the yak!
The yak is moderately wounded.
The yak gores you.
You closely miss the yak.
The yak is moderately wounded.
You block the yak's attack.
You barely miss the yak.
The yak is moderately wounded.
The yak gores you!
You hit the yak but do no damage.
The yak is moderately wounded.
The yak misses you.
You hit the yak but do no damage.
The yak is moderately wounded.
The yak gores you!
You hit the yak but do no damage.
The yak is moderately wounded.
You block the yak's attack.
You hit the yak.
The yak is heavily wounded.
The yak gores you!
You hit the yak but do no damage.
The yak is heavily wounded.
The yak gores you.
* * * LOW HITPOINT WARNING * * *
You slash the yak!
The yak is severely wounded.
The yak gores you.
* * * LOW HITPOINT WARNING * * *
You barely miss the yak. You headbutt the yak.
The yak is severely wounded.
The yak completely misses you.
You gain the combat prowess of a mighty hero.
The yak gores you!
You die...

..Y.. ...# .... ...#
#... #....
####...#...#
#.#.......##.
#..Y#.#......
#...##..# #
########Y......##...
#..@...#............
#..#Y..#......#.....
######........#.....
##.......##....#
#........#######
#.........#
###.......##
#.........#
#.........####


You could see a yak.

Vanquished Creatures
  4 yaks (D:4)
  A black bear (D:4)
  A phantom (D:4)
  A necrophage (D:4)
  A hound (D:4)
  6 adders
  A worm (D:2)
  4 dart slugs
  An orc (D:3)
  8 bats
  7 endoplasms
  5 giant cockroaches
  7 goblins
  10 hobgoblins
  4 jackals (D:3)
  6 kobolds
  5 quokkas
  9 ball pythons
  2 frilled lizards
  5 rats
88 creatures vanquished.

Notes
Turn   | Place    | Note
-------+----------+-------------------------------------------
     0 | D:1      | Peloso the Minotaur Fighter began the quest for the Orb.
     0 | D:1      | Reached XP level 1. HP: 19/19 MP: 0/0
   110 | D:1      | Found a faded altar of an unknown god.
   129 | D:1      | Reached XP level 2. HP: 27/27 MP: 1/1
   852 | D:1      | Reached XP level 3. HP: 30/33 MP: 2/2
   875 | D:2      | Reached skill level 3 in Long Blades
  1416 | D:2      | Reached XP level 4. HP: 38/40 MP: 3/3
  1699 | D:3      | Reached skill level 4 in Long Blades
  2369 | D:4      | Noticed a necrophage
  2375 | D:4      | Killed a necrophage
  2376 | D:4      | Reached skill level 1 in Dodging
  2376 | D:4      | Reached XP level 5. HP: 47/47 MP: 4/4
  2383 | D:4      | Noticed a phantom
  2389 | D:4      | Reached skill level 5 in Long Blades
  2400 | D:4      | Noticed a black bear
  2402 | D:4      | Killed a phantom
  2403 | D:4      | Reached XP level 6. HP: 38/53 MP: 5/5
  2588 | D:4      | Found a broken altar of Ashenzari.
  2662 | D:4      | Reached skill level 5 in Armour
  2767 | D:4      | Found an iron altar of Okawaru.
  2774 | D:4      | Reached skill level 5 in Shields
  2785 | D:4      | Became a worshipper of Warmaster Okawaru
  3034 | D:4      | Reached skill level 6 in Long Blades
  3111 | D:5      | Entered Level 5 of the Dungeon
  3143 | D:5      | Noticed a yak
  3143 | D:5      | Noticed a yak
  3167 | D:4      | Killed a yak
  3168 | D:4      | Reached XP level 7. HP: 42/60 MP: 6/6
  3265 | D:5      | Noticed a yak
  3266 | D:5      | Noticed a yak
  3284 | D:4      | Killed a yak
  3284 | D:4      | Reached * piety under Okawaru
  3285 | D:4      | Reached skill level 5 in Fighting
  3285 | D:4      | Reached skill level 7 in Long Blades
  3407 | D:5      | Noticed a yak
  3415 | D:4      | Killed a yak
  3425 | D:4      | Killed a yak
  3572 | D:5      | Slain by a yak

Illustrated notes

Levels and vault maps discovered:
D:1:      minmay_arrival_four_circles, layout_basic,
          ebering_ecumenical_altar_webs
D:2:      layout_rooms, hangedman_feature_mirror
D:3:      minmay_chambers_of_twos, layout_basic, hex_large, moated_statue
D:4:      layout_loops_cross, mainiacjoe_overflow_catwalk,
          okawaru_ov_weapons_minmay, ebering_dispersal_statue_hall,
          minmay_misc_feat_pillars
D:5:      layout_cave_pools, kennysheep_generic_room_12, uniq_ijyb

Skill      XL: |  1  2  3  4  5  6  7 |
---------------+----------------------+-----
Fighting       | 4 5 |  5.2
Armour         | 4 5 |  5.8
Shields        | 4 5 |  5.6
Long Blades    | 3 4 5 6 7 |  7.9
Dodging        | 1 |  1.8
Stealth        | |  0.4

Action                   |  1- 3 |  4- 6 |  7- 9 || total
-------------------------+-------+-------+-------++-------
Melee: Long sword        |   100 |   118 |    27 ||   245
       Headbutt          |    19 |    23 |     9 ||    51
Invok: Heroism           |       |       |     2 ||     2
  Use: Scroll            |     1 |     3 |       ||     4
Armor: Scale mail        |    65 |    42 |     3 ||   110
Dodge: Dodged            |    64 |    83 |    10 ||   157
Block: Buckler           |    36 |    44 |     5 ||    85
